 Dungeon Crawl Stone Soup version 0.29.1-15-g9cfb28693d (webtiles) character file.

Game seed: 9715793984706266606

210 Thatpatchoflichen the Trooper (level 5, -1/46 HPs)
             Began as a Ghoul Monk on Feb 25, 2023.
             Killed from afar by Ijyb (11 damage)
             ... with a bolt of acid
             ... on level 4 of the Dungeon.
             The game lasted 00:10:21 (5919 turns).

Thatpatchoflichen the Trooper (Ghoul Monk)          Turns: 5919, Time: 00:10:22

Health: -1/46      AC:  3    Str: 15    XL:     5   Next: 88%
Magic:  4/4        EV: 11    Int:  5    God:
Gold:   316        SH:  0    Dex: 13    Spells: 4/4 levels left

rFire   . . .      SeeInvis .   a - +0 falchion
rCold   + . .      Faith    .   (no shield)
rNeg    + + +      Spirit   .   r - +0 ring mail
rPois   ∞          Reflect  .   (no helmet)
rElec   .          Harm     .   j - +0 cloak
rCorr   .          Rampage  .   v - +0 pair of gloves
Will    +....                   (no boots)
Stlth   +.........              (no amulet)
HPRegen 0.00/turn               m - ring of flight
MPRegen 0.09/turn               t - ring of willpower

@: corroded, flying, inhibited regen
A: claws 1, cold resistance 1, negative energy resistance 3, inhibited
regeneration, torment resistance 2, devour on kill
a: no special abilities


You were on level 4 of the Dungeon.
You visited 1 branch of the dungeon, and saw 5 of its levels.

You collected 316 gold pieces.

Inventory:

Hand Weapons
 a - a +0 falchion (weapon)
Missiles
 d - 5 javelins
 l - 18 poisoned darts (quivered)
Armour
 j - a +0 cloak (worn)
 r - a +0 ring mail (worn)
 v - a +0 pair of gloves (worn)
Jewellery
 m - a ring of flight (left hand)
 t - a ring of willpower (right hand)
Scrolls
 e - a scroll of amnesia {unknown}
 f - a scroll of immolation {unknown}
 i - a scroll of enchant armour {unknown}
 k - 2 scrolls of fog
 n - a scroll of poison {unknown}
 s - a scroll of teleportation {unknown}
Potions
 b - a potion of degeneration {unknown}
 c - 3 potions of ambrosia
 g - 4 potions of lignification
 h - 7 potions of curing
 o - 3 potions of flight
 p - a potion of might {unknown}
 q - a potion of magic {unknown}
 u - 2 potions of heal wounds


   Skills:
 + Level 4.2 Fighting
 + Level 4.1 Long Blades
 + Level 2.3 Armour
 + Level 3.2 Dodging
 - Level 2.1 Stealth


You had 4 spell levels left.
You didn't know any spells.
Your spell library was empty.

Dungeon Overview and Level Annotations

Branches:
Dungeon (5/15)
 Temple: D:4-7

Altars:
Cheibriados
Nemelex Xobeh
Okawaru

Shops:
D:1 (:*(*

Annotations:
D:4 Ijyb


Innate Abilities, Weirdness & Mutations

You are immune to poison.
You have sharp fingernails.
Your flesh is cold resistant. (rC+)
You are immune to negative energy. (rN+++)
You do not regenerate when monsters are visible.
You are immune to unholy pain and torment.
You thrive by killing the living.


Message History

The floor.
Unknown command.
Ijyb shouts!
Ijyb barely misses you. Ijyb completely misses you.
Ijyb attacks as you move away! Ijyb hits you but does no damage.
There is a stone staircase leading up here.
Ijyb completely misses you.
You fly upwards.
There is a stone staircase leading down here.
You slash Ijyb!
Ijyb is moderately wounded.
Ijyb hits you with a +0 club. Ijyb hits you but does no damage.
You hit Ijyb.
Ijyb is heavily wounded.
Ijyb hits you with a +0 club.
You hit Ijyb.
Ijyb is severely wounded.
Ijyb zaps a wand.
The bolt of acid hits you!! The acid corrodes you!
You hit Ijyb but do no damage.
Ijyb is severely wounded.
Ijyb hits you with a +0 club.
You hit Ijyb but do no damage.
Ijyb is severely wounded.
Ijyb zaps a wand.
The bolt of acid misses you.
You hit Ijyb but do no damage.
Ijyb is severely wounded.
Ijyb hits you with a +0 club.
You barely miss Ijyb.
Ijyb is severely wounded.
Ijyb hits you with a +0 club.
* * * LOW HITPOINT WARNING * * *
You barely miss Ijyb.
Ijyb is severely wounded.
Ijyb hits you with a +0 club.
* * * LOW HITPOINT WARNING * * *
You closely miss Ijyb.
Ijyb is severely wounded.
Ijyb zaps a wand.
The bolt of acid hits you!
You die...

P...PP~~...###......# #.#.#
PPP..~~PP..# #......# #.#.#
PP~.P~♣P...#####'#### #.#.#
~PPPP♣PP....####.########.#.#
≈♣P♣♣~.P..................#.#
♣≈♣~~~P........#.##########.#
♣♣♣♣~P~.##.#...#.......####.#
~~≈≈~P......................#
P~~~P~.....##..g@#####.######
PP~PP~.........#.### #.#
PP~P~......##..#...# #.#
...........##..#.### #.#
..##.............# #.#
#.##..##...##..### #.#
...............# #.#
#.##...##.###..#######.#
.......................#


You could see Ijyb.

Vanquished Creatures
  A necrophage (D:5)
  A hound (D:5)
  6 adders
  2 worms
  4 dart slugs
  7 bats
  7 endoplasms
  2 giant cockroaches
  2 goblins
  4 hobgoblins
  2 jackals (D:4)
  6 kobolds
  A quokka (D:4)
  2 ball pythons
  5 frilled lizards
  2 rats (D:1)
54 creatures vanquished.

Vanquished Creatures (others)
  2 plants (D:2)
  3 withered plants (D:2)
5 creatures vanquished.

Grand Total: 59 creatures vanquished

Notes
Turn   | Place    | Note
-------+----------+-------------------------------------------
     0 | D:1      | Thatpatchoflichen the Ghoul Monk began the quest for the
                  | Orb.
     0 | D:1      | Reached XP level 1. HP: 19/19 MP: 0/0
     3 | D:1      | Noticed an electric eel
     4 | D:1      | Noticed an electric eel
   205 | D:1      | Found Daff's Assorted Antiques.
   474 | D:1      | Found Laosm's Weapon Emporium.
   512 | D:1      | Found Coacuerr's General Store.
   517 | D:1      | Reached XP level 2. HP: 8/26 MP: 1/1
   958 | D:1      | Found Enupseash's Book Boutique.
  1260 | D:1      | Found Dudaicw's Antique Weapon Shop.
  1741 | D:2      | Reached XP level 3. HP: 30/31 MP: 2/2
  2275 | D:2      | Found a faded altar of an unknown god.
  2375 | D:2      | Reached skill level 1 in Armour
  2992 | D:3      | Reached XP level 4. HP: 37/40 MP: 3/3
  3501 | D:3      | Found an iron altar of Okawaru.
  4050 | D:4      | Found a snail-covered altar of Cheibriados.
  4145 | D:4      | Found a sparkling altar of Nemelex Xobeh.
  4570 | D:5      | Entered Level 5 of the Dungeon
  4648 | D:5      | Reached XP level 5. HP: 25/46 MP: 4/4
  4980 | D:5      | Noticed a water moccasin
  4985 | D:5      | Noticed Ijyb
  5919 | D:4      | Killed from afar by Ijyb

Illustrated notes

Levels and vault maps discovered:
D:1:      arrival_aquarium_b, layout_basic, serial_shops, shop, shop,
          nicolae_lakefront_shop, shop, shop_statue, roderic_lattice_a,
          chequers_jeans, nicolae_titane
D:2:      layout_loops_ring, shapermc_ecumenical_altar_flowoftime
D:3:      layout_basic, mainiacjoe_overflow_six_doors_small
D:4:      layout_basic, mainiacjoe_overflow_surrounded_room,
          mainiacjoe_overflow_catwalk, cheibriados_altar_1,
          serial_bayou_lagoon_a
D:5:      layout_basic, grunt_decor_one_mirror, kennysheep_generic_room_12,
          uniq_ijyb

Skill      XL: |  1  2  3  4  5 |
---------------+----------------+-----
Long Blades    | 3 4 |  4.1
Dodging        | 3 |  3.2
Armour         | 1 2 |  2.3
Fighting       | 4 |  4.2
Stealth        | |  2.1

Action                   |  1- 3 |  4- 6 || total
-------------------------+-------+-------++-------
Melee: Falchion          |   169 |   112 ||   281
       Punch             |     1 |       ||     1
  Use: Scroll            |       |     5 ||     5
 Stab: Sleeping          |     5 |       ||     5
Armor: Robe              |    16 |       ||    16
       Leather armour    |    62 |    16 ||    78
       Ring mail         |       |    28 ||    28
Dodge: Dodged            |   141 |    64 ||   205
